AoeStats
← squintremil

Arabia

509716911Analyzed
3v3 RM · 6d ago on Sep 27, 2026· 54m 5s· 6 players
Game mode
Random Map
Map size
Normal (6 player)
Population
200
Speed
Normal
Resources
Standard
Victory
Conquest
Starting age
Dark Age
Ending age
Imperial Age
RankedLock teamsTeams togetherTeam positionsShared explorationLock speedFull tech treeHidden civsTurbo modeCheats
Victory
Defeat
🇨🇱 Ethiopians · Chile
984
+13
🇺🇸 Bulgarians · United States
952
+14
🇺🇸 Romans · United States
923
+15
🇦🇷 Franks · Argentina
929
-15
🇦🇷 Romans · Argentina
927
-14
🇦🇷 Turks · Argentina
883
-13
navia.sebastian
1:46 Loom
10:37 Feudal Age
11:11 Double-Bit Axe
17:37 Padded Archer Armor
17:31 Gold Mining
18:28 Fletching
24:05 Castle Age
22:38 Scale Mail Armor
23:20 Horse Collar
23:34 Stone Mining
23:57 Forging
25:06 Crossbowman
25:56 Thumb Ring
26:13 Heavy Plow
27:14 Bow Saw
28:29 Wheelbarrow
35:16 Imperial Age
33:23 Hand Cart
33:35 Bodkin Arrow
34:23 Murder Holes
35:54 Ballistics
35:52 Leather Archer Armor
36:15 Bracer
38:16 Two-Man Saw
37:24 Halberdier
39:02 Arbalester
41:38 Chemistry
42:16 Heavy Camel Rider
42:57 Husbandry
45:21 Royal Heirs
46:01 Ring Archer Armor
45:36 Scale Barding Armor
48:00 Torsion Engines
48:33 Chain Barding Armor
48:30 Chain Mail Armor
49:58 Light Cavalry
53:33 Hussar
squintremil
7:52 Loom
11:29 Feudal Age
12:28 Horse Collar
12:38 Double-Bit Axe
13:59 Arson
23:05 Castle Age
24:32 Pikeman
25:51 Wheelbarrow
25:01 Town Watch
26:23 Squires
26:52 Hand Cart
28:46 Bow Saw
32:36 Heavy Plow
33:36 Gold Mining
40:20 Imperial Age
43:20 Conscription
43:04 Murder Holes
43:29 Ballistics
44:10 Chemistry
43:22 Masonry
43:35 Fletching
43:47 Padded Archer Armor
43:57 Forging
43:48 Scale Mail Armor
47:54 Halberdier
48:19 Gambesons
48:39 Husbandry
48:49 Bloodlines
omarpvd
5:35 Loom
11:07 Feudal Age
23:11 Castle Age
21:17 Double-Bit Axe
23:25 Man-at-Arms
25:22 Horse Collar
[Vishero]-R1char
5:28 Loom
11:13 Feudal Age
11:48 Double-Bit Axe
19:48 Man-at-Arms
21:37 Bloodlines
21:52 Scale Mail Armor
26:18 Horse Collar
26:33 Gold Mining
27:25 Scale Barding Armor
27:31 Forging
32:23 Fletching
32:33 Padded Archer Armor
33:20 Wheelbarrow
32:31 Town Watch
43:06 Castle Age
44:19 Hand Cart
44:17 Squires
49:58 Treadmill Crane
54:13 Imperial Age
54:00 Caravan
[Vsh]-Tutta
11:36 Feudal Age
9:51 Loom
13:16 Wheelbarrow
12:05 Man-at-Arms
12:36 Double-Bit Axe
21:25 Castle Age
20:20 Horse Collar
20:32 Gold Mining
20:33 Stone Mining
21:38 Scale Mail Armor
21:49 Forging
22:57 Hand Cart
33:46 Scale Barding Armor
34:16 Iron Casting
35:49 Caravan
38:40 Town Watch
41:34 Imperial Age
43:15 Elite Centurion
44:15 Conscription
44:38 Elite Skirmisher
49:41 Padded Archer Armor
49:31 Fletching
[Vsh]-WinZerdo
2:57 Loom
12:31 Feudal Age
17:21 Castle Age
16:50 Double-Bit Axe
21:07 Husbandry
27:35 Wheelbarrow
31:09 Scale Barding Armor
33:40 Gold Mining
35:38 Hand Cart
40:07 Imperial Age
39:35 Bow Saw
40:06 Gold Shaft Mining
41:22 Ballistics
41:12 Cavalier
48:18 Elite Skirmisher
49:37 Fletching
52:51 Bodkin Arrow
Connection lost

Rejoining the realm…

Still unreachable

The connection could not be restored.

Session expired

The server has moved on; the page needs a fresh start.